Map: [ESL] Cosmic Sapphire

Players

LiquidElazer (Elazer) - Winner!

  • Race: Zerg Zerg
  • Spawn Location: 5:00

trigger

  • Race: Protoss Protoss
  • League: Grandmaster
  • Spawn Location: 11:00

Event: HomeStory Cup XXII

VOD

Have the link to the VOD?

Description

Time

  • Played on: Dec. 16, 2022, 2:33 p.m.
  • Length: 10:17

All games in this series

Show
View Real Time Build Order
Export as new Build Order

LiquidElazer Zerg - Winner!

Build Orders: Hatch First 

Get SALT Encoding   

  12  0:00  Drone  
  13  0:12  Overlord  
  13  0:16  Drone  
  14  0:30  Drone x2  
  16  0:48  Hatchery  
  15  0:50  Drone  
  15  0:54  Drone  
  17  0:57  Drone  
  18  1:08  Extractor  
  17  1:12  Spawning Pool  
  17  1:15  Drone  
  17  1:19  Drone  
  18  1:28  Drone  
  19  1:38  Drone  
  20  1:49  Drone  
  21  1:59  Queen x2  
  21  2:00  Zergling x2  
  26  2:02  Overlord  
  26  2:10  Drone x2  
  26  2:11  Metabolic Boost  
  28  2:22  Drone x2  
  30  2:32  Hatchery  
  29  2:38  Queen  
  33  2:44  Drone x2  
  33  2:49  Overlord  
  33  2:50  Drone  
  34  2:54  Drone x2  
  36  3:07  Queen  
  36  3:08  Overlord  
  36  3:09  Drone x2  
  36  3:11  Drone x2  
  42  3:16  Queen  
  44  3:20  Overlord  
  44  3:33  Spore Crawler, Zergling x6  
  45  3:40  Zergling x10  
  50  3:49  Drone x4  
  52  3:57  Overlord  
  52  3:58  Drone x2  
  52  4:00  Queen  
  56  4:02  Queen  
  56  4:04  Drone x2  
  60  4:10  Drone  
  60  4:12  Drone  
  60  4:14  Drone  
  60  4:16  Drone  
  63  4:18  Drone x3  
  66  4:25  Overlord  
  66  4:29  Drone x2  
  67  4:32  Drone x3  
  67  4:34  Drone  
  71  4:39  Roach Warren  
  71  4:41  Drone x3  
  71  4:43  Overlord x2  
  73  4:51  Drone x2  
  75  4:54  Drone, Hatchery  
  75  4:56  Drone x3  
  78  5:01  Extractor, Overlord  
  78  5:02  Drone x2, Extractor  
  78  5:12  Zergling x2  
  78  5:13  Zergling x8  
  82  5:16  Zergling x8  
  81  5:21  Overlord  
  81  5:24  Drone x3  
  81  5:27  Drone x2  
  86  5:30  Lair  
  86  5:31  Evolution Chamber  
  86  5:33  Drone  
  86  5:39  Drone x2  
  86  5:40  Drone x3  
  90  5:44  Drone x4  
  90  5:47  Extractor  
  90  5:49  Roach, Extractor  
  91  5:51  Overlord  
  91  5:57  Roach x3  
  91  6:00  Zerg Missile Weapons Level 1  
  102  6:04  Roach x3  
  102  6:05  Queen  
  102  6:10  Roach x2  
  107  6:16  Roach x4  
  107  6:17  Overlord  
  114  6:21  Zergling x14  
  121  6:29  Queen  
  121  6:35  Roach x4  
  121  6:38  Zergling x2  
  121  6:39  Zergling x6  
  126  6:46  Queen x2  
  126  6:47  Queen  
  126  6:50  Drone x6  
  131  6:58  Roach x3  
  134  7:01  Zergling x2  
  134  7:02  Zergling x2  
  134  7:03  Glial Reconstitution  
  134  7:04  Overlord x2  
  134  7:06  Queen  
  135  7:11  Roach  
  135  7:12  Roach  
  132  7:27  Roach x10  
  132  7:29  Spore Crawler  
  144  7:40  Roach x6  
  148  7:49  Overlord x2  
  143  7:56  Zerg Missile Weapons Level 2  
  142  8:02  Drone x2  
  144  8:12  Roach x8  
  160  8:22  Hatchery, Overlord x3  
  160  8:26  Hatchery  
  158  8:39  Overseer  
  158  8:42  Drone x4  
  158  8:43  Drone x3  
  158  8:47  Roach  
  158  8:48  Roach x5  
  171  9:01  Drone x3  
  166  9:03  Ravager x2  
  166  9:04  Ravager x2  
  166  9:06  Ravager x6  
  166  9:07  Hatchery  
  172  9:12  Pneumatized Carapace  
  172  9:14  Zergling x8  
  166  9:29  Roach x6  
  165  9:38  Roach x4  
  160  9:51  Roach x5  
  166  9:56  Zergling x10  
Show
View Real Time Build Order
Export as new Build Order

trigger Protoss 

Build Orders: 1 Gate Expand, Oracle Opening 

Get SALT Encoding   

  12  0:00  Probe  
  13  0:12  Probe  
  14  0:20  Pylon  
  14  0:24  Probe  
  15  0:38  Probe (Chrono Boost)  
  15  0:40  Gateway  
  16  0:46  Probe (Chrono Boost)  
  16  0:48  Assimilator  
  17  0:52  Probe  
  18  1:04  Probe  
  19  1:16  Probe  
  20  1:23  Nexus  
  20  1:31  Cybernetics Core  
  20  1:36  Assimilator  
  20  1:39  Probe  
  21  1:50  Pylon  
  21  1:51  Probe  
  22  2:03  Probe (Chrono Boost)  
  22  2:08  Stalker  
  25  2:15  Probe (Chrono Boost)  
  26  2:17  Stargate  
  26  2:20  Probe (Chrono Boost)  
  27  2:25  Warp Gate  
  27  2:29  Probe (Chrono Boost)  
  29  2:37  Probe (Chrono Boost)  
  29  2:38  Adept  
  29  2:39  Probe (Chrono Boost)  
  33  2:44  Probe (Chrono Boost)  
  33  2:46  Probe (Chrono Boost)  
  33  2:49  Probe (Chrono Boost)  
  34  2:56  Probe  
  36  2:59  Oracle (Chrono Boost)  
  36  3:01  Probe  
  40  3:07  Pylon  
  40  3:08  Probe  
  41  3:14  Probe  
  42  3:20  Probe  
  42  3:26  Probe  
  44  3:29  Oracle (Chrono Boost)  
  44  3:32  Probe  
  48  3:38  Probe  
  49  3:44  Probe  
  50  3:49  Nexus  
  50  3:57  Probe  
  50  3:59  Probe  
  49  4:03  Oracle (Chrono Boost)  
  49  4:07  Pylon  
  49  4:08  Pylon  
  49  4:09  Probe  
  53  4:12  Probe  
  54  4:20  Pylon  
  54  4:25  Twilight Council, Probe  
  54  4:26  Forge  
  54  4:27  Gateway x2  
  54  4:30  Adept  
  57  4:32  Probe  
  57  4:36  Gateway  
  57  4:37  Probe  
  59  4:39  Gateway  
  59  4:41  Charge  
  59  4:42  Shield Battery  
  59  4:48  Gateway  
  59  4:53  Zealot  
  59  4:54  Protoss Ground Weapons Level 1 (Chrono Boost)  
  59  4:56  Probe x2  
  63  5:00  Assimilator  
  63  5:03  Assimilator  
  63  5:05  Probe  
  64  5:08  Probe  
  64  5:13  Gateway  
  63  5:20  Zealot x2  
  67  5:25  Zealot  
  69  5:29  Gateway x2  
  69  5:31  Gateway  
  69  5:37  Zealot x2  
  73  5:42  Zealot  
  73  5:43  Zealot  
  73  5:46  Zealot x2  
  77  5:50  Photon Cannon  
  77  5:58  Zealot  
  77  5:59  Stalker  
  79  6:04  Zealot x2  
  79  6:09  Zealot x2  
  85  6:17  Zealot  
  85  6:22  Zealot x2  
  89  6:26  Zealot x2  
  88  6:32  Zealot  
  88  6:33  Zealot  
  84  6:40  Zealot  
  84  6:41  Zealot x3  
  84  6:44  Pylon  
  84  6:46  Pylon  
  82  6:50  Zealot x3  
  86  6:56  Zealot x3  
  88  7:08  Zealot  
  88  7:09  Zealot x3  
  88  7:15  Zealot x3  
  92  7:23  Zealot x3  
  92  7:34  Zealot x4  
  86  7:46  Zealot x5  
  86  7:49  Protoss Ground Weapons Level 2 (Chrono Boost)  
  84  7:56  Robotics Facility  
  84  7:57  Probe x3  
  87  8:03  Sentry x3  
  87  8:06  Shield Battery  
  87  8:10  Probe (Chrono Boost)  
  88  8:13  Probe x2 (Chrono Boost), Blink (Chrono Boost)  
  88  8:16  Pylon  
  86  8:20  Sentry  
  86  8:21  Sentry  
  86  8:22  Probe (Chrono Boost)  
  86  8:25  Probe (Chrono Boost)  
  86  8:27  Probe (Chrono Boost)  
  93  8:30  Probe (Chrono Boost)  
  93  8:32  Stalker x3  
  98  8:40  Immortal (Chrono Boost)  
  86  8:42  Zealot  
  86  8:45  Assimilator  
  86  8:46  Probe  
  86  8:47  Probe  
  92  8:58  Stalker x2  
  89  9:04  Probe x3  
  89  9:05  Zealot  
  94  9:16  Probe  
  94  9:17  Stalker  
  97  9:20  Zealot x3  
  97  9:23  Zealot  
  101  9:29  Zealot x2  
  89  9:32  Zealot  
  89  9:34  Zealot  
  79  9:39  Stalker x2  
  79  9:40  Stalker  
  79  9:44  Stalker x2  
  78  9:49  Zealot x2  
  79  9:53  Pylon  
  79  9:57  Shield Battery  
Tags
 
Add a new tag
Caveats
  • Supply blocks, unpowered buildings, or Contaminate may cause inaccurate times.
  • Supply counts are checked every 10 seconds.